 Dungeon Crawl Stone Soup version 0.27-a0-1299-g1ab19c6527 (webtiles) character file.

Game seed: 9113769045995714926

387 quinnr the Destroyer (level 6, -3/32 HPs)
             Began as a Tengu Air Elementalist on June 17, 2021.
             Slain by a hornet (5 damage)
             ... while paralysed by a hornet
             ... on level 5 of the Dungeon.
             The game lasted 00:14:43 (4891 turns).

quinnr the Destroyer (Tengu Air Elementalist)       Turns: 4891, Time: 00:14:44

Health: -3/32      AC:  3    Str:  9    XL:     6   Next: 78%
Magic:  7/11       EV:  2    Int: 17    God:
Gold:   182        SH:  0    Dex: 14    Spells: 1/11 levels left

rFire    . . .     SeeInvis .   (no weapon)
rCold    . . .     Faith    .   (no shield)
rNeg     . . .     Spirit   .   a - +0 robe
rPois    .         Reflect  +   (helmet restricted)
rElec    .         Harm     .   e - +0 cloak
rCorr    .         Rampage  .   (no gloves)
Will     .....                  (boots unavailable)
Stlth    ++........             k - amulet of reflection
HPRegen  0.10/turn              (no ring)
MPRegen  0.12/turn              (no ring)

@: paralysed, lethally poisoned (-3 -> -11), flying quickly and evasively, quick
A: beak, talons 3, nimble flight
a: no special abilities


You were on level 5 of the Dungeon.
You visited 1 branch of the dungeon, and saw 5 of its levels.

You collected 182 gold pieces.

Inventory:

Missiles
 q - 7 boomerangs
Armour
 a - a +0 robe (worn)
 e - a +0 cloak (worn)
Jewellery
 j - an amulet of the acrobat
 k - an amulet of reflection (around neck)
Wands
 l - a wand of charming (2)
Scrolls
 b - a scroll of enchant armour {unknown}
 d - a scroll of noise {unknown}
 g - a scroll of magic mapping
 h - a scroll of holy word {unknown}
 o - a scroll of teleportation {unknown}
 p - a scroll of amnesia {unknown}
Potions
 c - a potion of brilliance {unknown}
 f - a potion of cancellation
 i - a potion of flight
 m - a potion of heal wounds
 n - a potion of mutation {unknown}


   Skills:
 - Level 2.1 Dodging
 - Level 2.0 Stealth
 - Level 3.0 Spellcasting
 + Level 8.3 Conjurations
 - Level 4.0 Air Magic


You had one spell level left.
You knew the following spells:

 Your Spells              Type           Power      Damage    Failure   Level
a - Shock                 Conj/Air       92%        1d8       1%          1
b - Static Discharge      Conj/Air       23%        N/A       2%          2
c - Swiftness             Air            16%        N/A       10%         3
d - Summon Lightning Spi  Summ/Air       9%         N/A       58%         4

Your spell library contained the following spells:

 Spells                   Type           Power      Damage    Failure   Level
 Summon Small Mammal      Summ           8%         N/A       17%         1
 Call Imp                 Summ           2%         N/A       26%         2
 Airstrike                Air            8%         N/A       32%         4
 Lightning Bolt           Conj/Air       11%        1d24      36%         5
 Call Canine Familiar     Summ           2%         N/A       45%         3
 Summon Guardian Golem    Hex/Summ       2%         N/A       45%         3
 Summon Ice Beast         Ice/Summ       2%         N/A       86%         4


Dungeon Overview and Level Annotations

Branches:
Dungeon (5/15)
 Temple: D:4-7

Altars:
Uskayaw

Shops:
D:3 (


Innate Abilities, Weirdness & Mutations

You have a beak for a mouth.
You have claws for feet.
Your magical nature lets you fly swiftly and evasively.


Message History

The spell is potentially lethal to cast (58% risk of failure)!
Continue anyway?
Okay, then.
Aiming: Shock (safe; 1% risk of failure)
Press: ? - help, Q - select action, (/) - cycle Shift-Dir - straight line, f - hornet
Aim: a hornet (60% to hit)
The zap hits the hornet.
The hornet is lightly wounded.
Unknown command.
Okay, then.
Casting: Shock (safe; 1% risk of failure)
Confirm with . or Enter, or press ? or * to list all spells.
Aiming: Shock (safe; 1% risk of failure)
Press: ? - help, Shift-Dir - straight line, f/p - hornet
Aim: a hornet (lightly wounded, 60% to hit)
The zap hits the hornet.
The hornet is moderately wounded.
Casting: Shock (safe; 1% risk of failure)
Confirm with . or Enter, or press ? or * to list all spells.
Aiming: Shock (safe; 1% risk of failure)
Press: ? - help, Shift-Dir - straight line, p - hornet The zap hits the hornet but does no damage.
The hornet is moderately wounded.
Unknown command.
Casting: Shock (safe; 1% risk of failure)
Confirm with . or Enter, or press ? or * to list all spells.
Aiming: Shock (safe; 1% risk of failure)
Press: ? - help, Shift-Dir - straight line The zap hits the hornet but does no damage.
The hornet is lightly wounded.
The hornet stings you!
You feel yourself slow down.
Unknown command.
You feel yourself speed up. The hornet stings you!
* * * LOW HITPOINT WARNING * * *
You are lethally poisoned!
You suddenly lose the ability to move!
* * * LOW HITPOINT WARNING * * *
You feel very sick. The hornet stings you.
You die...

.........#.≈#*******,**≈***,*
....#.#..#.## *,******,*
......#..#*# *,,,,,,*,*****
#.#......# ******,,,**,,,
.....[.### ***,,,,*, #.#...##
***,,,, ......# ****#***,,,,
....#.# ##########....,,,,,,,
......#######...@y.....#*****,,_,
....).........########## *,,,,
##.##...#####.# *,,,, #.##...#
#.# *,,,, #.##...# #.# **,**
*###....#####.##**** **,*,*
.**##...........,,,*** *,***,
..##............,,,,,* **,*,*
b..##...#####..#****,* *****,,*


You could see a hornet.

Vanquished Creatures
  2 phantoms
  A scorpion (D:4)
  An orc priest (D:5)
  Ijyb (D:3)
  4 adders
  A gnoll (D:2)
  A white imp (D:5)
  4 dart slugs
  2 orcs
  5 endoplasms
  A giant cockroach (D:2)
  11 goblins
  10 hobgoblins
  4 jackals (D:1)
  A quokka (D:1)
  2 ball pythons
  A bat (D:2)
  2 frilled lizards
  3 kobolds
  3 rats
60 creatures vanquished.

Vanquished Creatures (others)
  12 fungi
  3 plants (D:2)
15 creatures vanquished.

Grand Total: 75 creatures vanquished

Notes
Turn   | Place    | Note
-------+----------+-------------------------------------------
     0 | D:1      | quinnr the Tengu Air Elementalist began the quest for the
                  | Orb.
     0 | D:1      | Reached XP level 1. HP: 10/10 MP: 4/4
    93 | D:1      | Reached skill level 2 in Conjurations
   149 | D:1      | Reached XP level 2. HP: 15/15 MP: 4/6
   358 | D:1      | Reached skill level 3 in Conjurations
   918 | D:1      | Reached XP level 3. HP: 19/19 MP: 4/7
  1151 | D:1      | Reached skill level 4 in Conjurations
  1530 | D:1      | Learned a level 2 spell: Static Discharge
  1534 | D:1      | Learned a level 3 spell: Swiftness
  2238 | D:2      | Reached XP level 4. HP: 17/24 MP: 3/8
  2838 | D:3      | Found Lihuam's Weapon Shop.
  3123 | D:3      | Noticed Ijyb
  3133 | D:3      | Killed Ijyb
  3134 | D:3      | Reached skill level 5 in Conjurations
  3134 | D:3      | Gained mutation: Your magical nature lets you fly swiftly
                  | and evasively. [Tengu growth]
  3134 | D:3      | Reached XP level 5. HP: 28/28 MP: 2/10
  3642 | D:4      | Reached skill level 6 in Conjurations
  4155 | D:4      | Noticed a phantom
  4182 | D:4      | Found a hide-covered altar of Uskayaw.
  4486 | D:4      | Learned a level 4 spell: Summon Lightning Spire
  4499 | D:4      | Killed a phantom
  4500 | D:4      | Reached skill level 7 in Conjurations
  4500 | D:4      | Reached XP level 6. HP: 27/32 MP: 1/11
  4590 | D:5      | Entered Level 5 of the Dungeon
  4795 | D:5      | Reached skill level 8 in Conjurations
  4884 | D:5      | Noticed a hornet
  4890 | D:5      | Paralysed by a hornet for 2 turns
  4891 | D:5      | HP: 2/32 [poisoned by a hornet]
  4891 | D:5      | Slain by a hornet

Illustrated notes

Levels and vault maps discovered:
D:1:      lemuel_arrival_cross, layout_loops_corners, chequers_arboretum,
          minmay_misc_feat_four_crosses, hangedman_abyss_or_decor_stabs
D:2:      layout_basic, shapermc_ecumenical_altar_mp_urbaneastern,
          kennysheep_potato
D:3:      layout_basic, serial_shops, nicolae_diamond_shop, uniq_robin,
          uniq_ijyb
D:4:      layout_gridville, nicolae_uskayaw_murder_on_the_dancefloor
D:5:      layout_loops_ring, fedhas_bush_and_centaur_altar, serial_aquarium,
          aquarium_bridge_square [aquarium_subvault_window,
          aquarium_subvault_wall, aquarium_subvault_wall,
          aquarium_subvault_bridge], aquarium_window_fake, aquarium_window_1,
          aquarium_window_2, aquarium_window_1, aquarium_view_2c,
          aquarium_view_2f, aquarium_balcony_3b, aquarium_pool_1, st_stairs_2

Skill      XL: |  1  2  3  4  5  6 |
---------------+-------------------+-----
Conjurations   | 2 3 4 5 7 8 |  8.3
Spellcasting   | 3 |  3.0
Dodging        | |  2.1
Stealth        | |  2.0
Air Magic      | |  4.0

Action                   |  1- 3 |  4- 6 || total
-------------------------+-------+-------++-------
Melee: Unarmed           |     9 |       ||     9
       Kick              |     3 |       ||     3
 Cast: Shock             |    69 |    74 ||   143
       Static Discharge  |       |     5 ||     5
  Use: Scroll            |       |     4 ||     4
Armor: Robe              |     3 |     1 ||     4
Dodge: Dodged            |    16 |     8 ||    24
Block: Other             |       |     2 ||     2
       Reflection        |       |     1 ||     1

Table legend: (Time is in decaauts)
 A = Elapsed time spent in this place.
 B = Non-inter-level travel time spent in this place.
 C = Inter-level travel time spent in this place.
 D = Time resting spent in this place.
 E = Time spent auto-exploring this place.
 F = Levels seen in this place.
 G = Mean time per level.
                   A        B        C        D        E       F      G
               +--------+--------+--------+--------+--------+-----+--------+
         Total |   4794 |   4523 |    271 |    795 |   3206 |   5 |  958.8 |
       Dungeon |   4794 |   4523 |    271 |    795 |   3206 |   5 |  958.8 |
               +--------+--------+--------+--------+--------+-----+--------+

Top non-repeatable levels by time:
     D:1: 1521 daAuts
     D:3: 1507 daAuts
     D:2: 848 daAuts
     D:4: 648 daAuts
     D:5: 268 daAuts
